 Dungeon Crawl Stone Soup version 0.30-a0-170-g85af917532 (webtiles) character file.

Game seed: 6392822336660163506

261 qw the Chopper (level 6, -3/38 HPs)
             Began as a Gargoyle Fighter on Sept 30, 2022.
             Slain by a gnoll
             ... wielding a +0 spear
             ... led by a gnoll bouda
              (4 damage)
             ... on level 4 of the Dungeon.
             The game lasted 00:00:55 (2944 turns).

qw the Chopper (Gargoyle Fighter)                   Turns: 2944, Time: 00:00:56

Health: -3/38      AC: 16    Str: 21    XL:     6   Next: 18%
Magic:  6/6        EV:  5    Int:  9    God:
Gold:   158        SH:  4    Dex:  9    Spells: 5/5 levels left

rFire   . . .      SeeInvis .    Y - +0 war axe (elec)
rCold   . . .      Faith    .    c - +0 buckler
rNeg    + . .      Spirit   .    p - +1 plate armour
rPois   inf        Reflect  .    (no helmet)
rElec   +          Harm     .    (no cloak)
rCorr   .          Rampage  .    (no gloves)
Will    .....                    (no boots)
Stlth   ..........               (no amulet)
HPRegen 0.12/turn                (no ring)
MPRegen 0.10/turn                (no ring)

@: no status effects
A: sickness immunity, AC +4, negative energy resistance 1, electricity
resistance, torment resistance 1, petrification resistance
a: no special abilities


You were on level 4 of the Dungeon.
You visited 1 branch of the dungeon, and saw 4 of its levels.

You collected 158 gold pieces.


Innate Abilities, Weirdness & Mutations

You are immune to sickness and miasma.
Your stone body is resilient. (AC +4)
You are immune to poison.
You resist negative energy. (rN+)
You are resistant to electric shocks. (rElec)
You are resistant to unholy torment.
You are immune to petrification.


   Skills:
 + Level 3.9 Fighting
 - Level 5.0 Axes
 - Level 1.8 Throwing
 - Level 3.2 Armour
 - Level 3.2 Shields


You had 5 spell levels left.
You didn't know any spells.
Your spell library was empty.

Inventory:

Hand Weapons
 b - a +0 flail
 Y - a +0 war axe of electrocution (weapon)
Missiles
 k - a javelin (quivered)
Armour
 c - a +0 buckler (worn)
 p - a +1 plate armour (worn)
Scrolls
 a - a scroll of identify
 e - a scroll of torment {unknown}
Potions
 d - a potion of might
 g - 5 potions of curing
 o - a potion of flight {unknown}
 q - a potion of haste {unknown}

Dungeon Overview and Level Annotations

Branches:
Dungeon (4/15)
 Temple: D:4-7

Altars:
Gozag


Message History

The gnoll bouda hits you with a +0 club.
The gnoll hits you but does no damage. The gnoll barely misses you.
You closely miss the gnoll bouda.
The gnoll bouda is heavily wounded.
You hit the gnoll.
The gnoll hits you from afar with a +0 spear.
The gnoll bouda hits you with a +0 club.
The gnoll hits you but does no damage. The gnoll hits you with a +0 club.
You slash the gnoll bouda!
The gnoll bouda is almost dead.
You barely miss the gnoll.
The gnoll hits you from afar with a +0 spear.
The gnoll bouda mumbles some strange prayers to its god.
The gnoll bouda is healed somewhat.
The gnoll hits you but does no damage. You block the gnoll's attack.
The gnoll closely misses you.
You hit the gnoll bouda but do no damage.
The gnoll bouda is severely wounded.
You closely miss the gnoll.
The gnoll bouda mumbles some strange prayers to its god.
The gnoll bouda is healed somewhat.
The gnoll hits you but does no damage. You block the gnoll's attack.
The gnoll hits you but does no damage.
The gnoll bouda hits you but does no damage.
The gnoll hits you from afar with a +0 spear.
You hit the gnoll bouda.
Lightning courses through the gnoll bouda!!
You kill the gnoll bouda!
You hit the gnoll. The gnoll hits you with a +0 club.
The gnoll hits you but does no damage. x3
You closely miss the gnoll.
The gnoll is almost dead.
The gnoll hits you but does no damage. x4
You hit the gnoll but do no damage.
The gnoll is severely wounded.
The gnoll is no longer moving quickly.
The gnoll hits you from afar with a +0 spear.
The gnoll barely misses you.
The gnoll hits you but does no damage. x2
You slash the gnoll!
You kill the gnoll!
The gnoll hits you from afar with a +0 spear.
You die...

...# #....
...###.....
#..........
..............
##.............
#..gg.... .....
#####()...# ..$..
......)@.# ......
#........# #......
#........###.......
#........)#......#
#...............##
..####.........## .
##.......## .
#.......# #..
#.......##....


You could see 2 gnolls.

Vanquished Creatures
  A gnoll bouda (D:4)
  A hound (D:3)
  2 iguanas (D:3)
  Natasha (D:3)
  An orc wizard (D:3)
  2 gnolls (D:4)
  2 adders
  A worm (D:3)
  2 dart slugs
  8 orcs
  A bat (D:3)
  3 endoplasms
  A giant cockroach (D:2)
  2 goblins
  9 hobgoblins
  4 jackals (D:1)
  4 quokkas
  3 ball pythons
  3 frilled lizards
  6 kobolds
  2 rats
59 creatures vanquished.

Notes
Turn   | Place    | Note
-------+----------+-------------------------------------------
     0 | D:1      | qw the Gargoyle Fighter began the quest for the Orb.
     0 | D:1      | Reached XP level 1. HP: 14/14 MP: 1/1
     0 | D:1      | 0 ||| qw: Version: 0.2-a-12-gaebbb33
     0 | D:1      | 0 ||| qw: Game counter: 1644
     0 | D:1      | 0 ||| qw: Always use a shield: true
     0 | D:1      | 0 ||| qw: God list: Okawaru
     0 | D:1      | 0 ||| qw: Allow faded altars: false
     0 | D:1      | 0 ||| qw: Do Orc after D:15 true
     0 | D:1      | 0 ||| qw: Do second Lair branch before Depths: true
     0 | D:1      | 0 ||| qw: Lair rune preference: random
     0 | D:1      | 0 ||| qw: Plans: Normal, Zot:1-4, God:TSO, Crypt, Tomb,
                  | Pan, Slime:5, Hells, Abyss, Orb
     0 | D:1      | 0 ||| PLANNING D:1-11
    49 | D:1      | Reached skill level 2 in Axes
   282 | D:1      | Found a faded altar of an unknown god.
   349 | D:1      | Reached XP level 2. HP: 19/19 MP: 2/2
   634 | D:1      | Reached skill level 3 in Axes
   649 | D:1      | Reached XP level 3. HP: 12/23 MP: 3/3
   931 | D:1      | 931 ||| READING scroll labelled ANU GEEKHLOPH.
   932 | D:1      | 932 ||| DRINKING 2 bubbling pink potions.
  1418 | D:2      | 1418 ||| UPGRADING to +0 plate armour.
  1428 | D:2      | 1428 ||| DROPPING +0 scale mail.
  1429 | D:2      | 1429 ||| READING scroll of enchant armour.
  1429 | D:2      | 1429 ||| ENCHANTING +0 plate armour.
  1430 | D:2      | 1430 ||| READING 3 scrolls labelled PUGEUB UGUMOOD.
  1431 | D:2      | 1431 ||| READING scroll labelled CEXOHIE UMMIH.
  1432 | D:2      | 1432 ||| READING scroll labelled EHI BYGIXUDE.
  1433 | D:2      | 1433 ||| READING scroll labelled GEGAMENUDD.
  1434 | D:2      | 1434 ||| READING scroll labelled XUTTUZ UFESK.
  1437 | D:2      | 1437 ||| READING scroll labelled IZADAES OFUGG.
  1438 | D:2      | 1438 ||| READING 2 scrolls of identify.
  1438 | D:2      | 1438 ||| IDENTIFYING amethyst potion
  1439 | D:2      | 1439 ||| DROPPING potion of magic.
  1465 | D:3      | 1465 ||| Stepping ~*~*~tactically~*~*~ (stealth).
  1467 | D:3      | 1467 ||| Stepping ~*~*~tactically~*~*~ (stealth).
  1474 | D:3      | 1474 ||| STAIRDANCE
  1479 | D:2      | 1479 ||| DROPPING +0 whip.
  1484 | D:3      | 1484 ||| STAIRDANCE
  1514 | D:3      | 1514 ||| Stepping ~*~*~tactically~*~*~ (stealth).
  1522 | D:3      | Reached skill level 1 in Throwing
  1522 | D:3      | Reached XP level 4. HP: 28/28 MP: 4/4
  1590 | D:3      | Reached skill level 4 in Axes
  1590 | D:3      | Reached XP level 5. HP: 29/32 MP: 5/5
  1659 | D:3      | HP: 6/32 [iguana (6)]
  1974 | D:3      | Found an opulent altar of Gozag.
  2056 | D:3      | 2056 ||| Stepping ~*~*~tactically~*~*~ (stealth).
  2267 | D:3      | Noticed Natasha
  2268 | D:3      | 2268 ||| Stepping ~*~*~tactically~*~*~ (hiding).
  2284 | D:3      | Killed Natasha
  2714 | D:3      | 2714 ||| READING scroll labelled VIGIOG YDGHEABB.
  2715 | D:3      | 2715 ||| READING scroll labelled LUUNUAKHLAV.
  2716 | D:3      | 2716 ||| DRINKING 2 bubbling black potions.
  2717 | D:3      | 2717 ||| READING 2 scrolls of identify.
  2717 | D:3      | 2717 ||| IDENTIFYING orange potion
  2718 | D:3      | 2718 ||| DROPPING potion of invisibility.
  2719 | D:3      | 2719 ||| DROPPING potion of brilliance.
  2766 | D:4      | 2766 ||| STAIRDANCE
  2774 | D:3      | Reached skill level 5 in Axes
  2919 | D:4      | 2919 ||| Stepping ~*~*~tactically~*~*~ (stealth).
  2920 | D:4      | 2920 ||| Stepping ~*~*~tactically~*~*~ (stealth).
  2922 | D:4      | 2922 ||| Stepping ~*~*~tactically~*~*~ (stealth).
  2928 | D:4      | Reached XP level 6. HP: 37/37 MP: 6/6
  2939 | D:4      | HP: 9/37 [gnoll/+0 spear[a gnoll bouda] (6)]
  2941 | D:4      | HP: 2/37 [gnoll/+0 club[a gnoll bouda] (4)]
  2944 | D:4      | Slain by a gnoll

Levels and vault maps discovered:
D:1:      shiori_arrival_oz, layout_basic, basic_ecumenical_altar,
          interstate_on_off, reono_crystal_passage
D:2:      layout_rooms
D:3:      layout_basic, mainiacjoe_overflow_alcove_4, uniq_natasha
D:4:      layout_layer_cave, kennysheep_generic_room_14

Skill      XL: |  1  2  3  4  5 |
---------------+----------------+-----
Axes           | 2 3 4 5 |  5.0
Throwing       | 1 |  1.8
Fighting       | |  3.9
Armour         | |  3.2
Shields        | |  3.2

Action                   |  1- 3 |  4- 6 || total
-------------------------+-------+-------++-------
Melee: War axe           |   102 |    89 ||   191
Throw: Javelin           |     3 |    18 ||    21
  Use: Scroll            |     9 |     3 ||    12
       Potion            |     1 |     1 ||     2
Armor: Scale mail        |    45 |       ||    45
       Plate armour      |     8 |    77 ||    85
Dodge: Dodged            |    50 |    18 ||    68
Block: Buckler           |    20 |    18 ||    38

Table legend:
 A = Non-vault XP
 B = Vault XP
 C = Vault XP percentage of total XP
 D = Non-vault monster count
 E = Vault monster count
 F = Vault count percentage of total count
                 A         B        C        D         E       F
            +---------+---------+-------+---------+---------+-------
      Total |     348 |      40 |  10.3 |      56 |       3 |   5.1
            +---------+---------+-------+---------+---------+-------
        D:1 |      32 |       4 |  11.1 |      17 |       2 |  10.5
        D:2 |      28 |       0 |   0.0 |       9 |       0 |   0.0
        D:3 |     210 |      36 |  14.6 |      23 |       1 |   4.2
        D:4 |      78 |       0 |   0.0 |       7 |       0 |   0.0
            +---------+---------+-------+---------+---------+-------
